 Dungeon Crawl Stone Soup version 0.26-a0-667-g92642533e4 (webtiles) character file.

Game seed: 12769190828578925930

27743 somkeydreadnuts the Severer (level 13, -4/121 HPs)
             Began as a Deep Dwarf Fighter on Oct 16, 2020.
             Was an Initiate of Gozag.
             Hit by a large rock thrown by a stone giant (27 damage)
             ... on level 1 of the Orcish Mines.
             The game lasted 01:46:40 (14130 turns).

somkeydreadnuts the Severer (Deep Dwarf Fighter)   Turns: 14130, Time: 01:46:41

Health: -4/121     AC: 31    Str: 23    XL:     13   Next: 6%
Magic:  10/10      EV:  8    Int: 11    God:    Gozag
Gold:   1290       SH: 15    Dex: 14    Spells: 12/12 levels left

rFire    . . .     SeeInvis +   B - +0 broad axe of Law {venom, rN+}
rCold    + + .     Faith    +   e - +2 kite shield {rC+}
rNeg     + . .     Spirit   .   c - +10 plate armour "Nemajemi" {Dex+2}
rPois    .         Reflect  .   (helmet restricted)
rElec    .         Harm     .   T - +0 cloak {rCorr}
rCorr    +         Rampage  .   K - +0 pair of gloves
MR       ++...                  a - +1 pair of boots of Disaster {Int+2}
Stlth    ..........             d - amulet of faith
HPRegen  0.00/turn              h - ring of see invisible
MPRegen  0.12/turn              H - ring of protection from magic

@: gold aura, non-regenerating
A: damage resistance, heal wounds, horns 1, slimy green scales 1, cold
resistance 1, sense surroundings 2, weak 1, no regeneration
a: Heal Wounds, Potion Petition, Call Merchant, Bribe Branch, Renounce Religion


You were on level 1 of the Orcish Mines.
You worshipped Gozag.
Gozag was most pleased with you.
You visited 4 branches of the dungeon, and saw 17 of its levels.
You also visited: Sewer.

You collected 4058 gold pieces.
You spent 1516 gold pieces at shops.
You paid 1252 gold pieces to Gozag.

Inventory:

Hand Weapons
 B - the +0 broad axe of Law (weapon) {venom, rN+}
   (You found it on level 5 of the Dungeon)

   It poisons the flesh of those it strikes.
   It protects you from negative energy.
 C - a +6 scythe of holy wrath
 W - the +2 flail of Xeityoc {venom, rC+ Str+7}
   (You found it on level 13 of the Dungeon)

   It poisons the flesh of those it strikes.
   It affects your strength (+7).
   It protects you from cold.
Armour
 a - the +1 pair of boots of Disaster (worn) {Int+2}
   (You bought it in a shop on level 8 of the Dungeon)

   It affects your intelligence (+2).
 c - the +10 plate armour "Nemajemi" (worn) {Dex+2}
   (You bought it in a shop on level 11 of the Dungeon)

   It affects your dexterity (+2).
 e - a +2 kite shield of cold resistance (worn)
 z - a +0 chain mail of magic resistance
 K - a +0 pair of gloves (worn)
 T - a +0 cloak of preservation (worn)
Jewellery
 d - an amulet of faith (around neck)
 h - a ring of see invisible (left hand)
 s - an uncursed ring of poison resistance
 v - a +6 ring of dexterity
 G - an uncursed ring of stealth
 H - a ring of protection from magic (right hand)
 L - an uncursed ring of ice
 M - an uncursed ring of fire
 R - an uncursed ring of fire
 Y - an uncursed ring of flight
Wands
 p - a wand of disintegration (6)
 r - a wand of flame (22)
 t - a wand of paralysis (4)
 F - a wand of enslavement (8)
 I - a wand of random effects (74)
 U - a wand of iceblast (4)
Scrolls
 i - 9 scrolls of identify
 j - 7 scrolls of teleportation
 l - 4 scrolls of enchant armour {unknown}
 m - 10 scrolls of remove curse
 n - 2 scrolls of fog {unknown}
 q - 3 scrolls of enchant weapon
 u - 4 scrolls of fear
 x - 4 scrolls of blinking
 A - 3 scrolls of magic mapping
Potions
 b - 3 potions of brilliance
 f - 10 potions of flight
 g - a potion of mutation
 k - 6 potions of heal wounds
 o - 4 potions of lignification
 w - a potion of stabbing
 E - a potion of haste
 N - a potion of curing
 Q - a potion of might
 S - a potion of cancellation
 V - a potion of ambrosia
Miscellaneous
 y - a phial of floods
 J - a lightning rod (4/4)


   Skills:
 + Level 9.1 Fighting
 + Level 15.5(15.6) Axes
 + Level 2.9(10.0) Maces & Flails
 + Level 9.8 Armour
 + Level 3.9 Dodging
 + Level 2.6 Stealth
 + Level 11.0 Shields
 + Level 2.6 Evocations


You had 12 spell levels left.
You didn't know any spells.
Your spell library contained the following spells:

 Spells                   Type           Power        Failure   Level
 Apportation              Tloc           #.....       100%        1
 Magic Dart               Conj           #...         100%        1
 Blink                    Tloc           N/A          100%        2
 Call Imp                 Summ           #.......     100%        2
 Slow                     Hex            #.......     100%        2
 Conjure Flame            Conj/Fire      #.......     100%        3
 Lesser Beckoning         Tloc           #.........   100%        3
 Mephitic Cloud           Conj/Pois/Air  #.......     100%        3
 Tukima's Dance           Hex            #.......     100%        3
 Alistair's Intoxication  Tmut/Pois      #........    100%        5
 Invisibility             Hex            #.......     100%        6


Dungeon Overview and Level Annotations

Branches:
Dungeon (14/15)            Temple (1/1) D:7            Lair (1/6) D:10
    Orc (1/2) D:12          Sewer (visited)
 Vaults: D:13-14

Altars:
Ashenzari
Cheibriados
Dithmenos
Elyvilon
Fedhas
Gozag
Hepliaklqana
Kikubaaqudgha
Makhleb
Nemelex Xobeh
Okawaru
Qazlal
Ru
Sif Muna
Trog
Uskayaw
Vehumet
Wu Jian
Xom
Yredelemnul
Zin
The Shining One

Shops:
D:8 [*   D:11 *

Annotations:
Lair:1 exclusion: oklob plant


Innate Abilities, Weirdness & Mutations

You are resistant to damage.
You can heal yourself by infusing magical energy.
You passively map the area around you.
You do not regenerate.
You have a pair of small horns on your head.
You are partially covered in slimy green scales. (AC +2)
Your flesh is cold resistant. (rC+)
You are weak. (Str -2)


Message History

A stone giant comes into view.
The stone giant shouts!
You slash the troll!
The troll looks as sick as possible!
You headbutt the troll.
The troll is almost dead.
You hit the gnoll.
You hear a shout! x3
You kill the troll!
You block the gnoll's attack. x2
The gnoll hits you but does no damage.
The stone giant throws a large rock.
The large rock hits you!!!
* * * LOW HITPOINT WARNING * * *
You see here a large rock.
You fail to use your ability.
The gnoll hits you but does no damage. x2
The stone giant throws a large rock.
The large rock hits you.
You feel much better. The gnoll hits you but does no damage.
You block the gnoll's attack.
The stone giant throws a large rock.
The large rock hits you!!
You die...
Your body crumbles into a pile of gold.

, *, *,*, ,, ,, , *..#......
,, * ,.^,...,,$......C... ,
... ..,, .........., ,,,, ,
....#. ,##.......>. , *
,....#.###........$.. , *
,........##g.........#......
,
.$......$#.................
,
........$g@................
..........................#
*
.#................#......##
#.....#..........#......#.
##...#....................
##.#.............)).<....
####...#.........)......
#....#.......#).)....
##............#.....#


You could see a stone giant and 2 gnolls.

Vanquished Creatures
  Fannar (Lair:1)
  3 centaur warriors
  A boulder beetle (D:11)
  5 two-headed ogres
  2 unseen horrors (D:11)
  An orc knight (Orc:1)
  An orc sorcerer (Orc:1)
  An ugly thing (D:13)
  3 slime creatures (D:13)
  3 manticores (D:13)
  A black mamba (Lair:1)
  2 gargoyles
  A cane toad (Lair:1)
  Maggie (D:8)
  3 orange demons (D:13)
  A kobold demonologist (D:11)
  A komodo dragon (Lair:1)
  A redback zombie (D:13)
  4 trolls
  Sigmund (D:6)
  3 wraiths
  2 wyverns
  16 yaks
  Grum (D:8)
  A basilisk (D:11)
  A warg (Orc:1)
  An acid dragon (D:10)
  4 water moccasins
  3 sky beasts
  5 orc warriors
  3 eyes of draining
  2 phantoms
  A hornet zombie (D:12)
  5 necrophages
  3 ogres
  10 wolves
  12 centaurs
  5 big kobolds
  8 bullfrogs
  A gnoll sergeant (D:7)
  A water moccasin zombie (D:8)
  4 scorpions
  3 killer bees (D:11)
  17 wights
  3 centaur zombies
  13 hounds
  A quasit (D:8)
  3 jellies
  A bullfrog zombie (D:9)
  5 bullfrog skeletons
  2 centaur skeletons
  4 orc priests
  10 orc wizards
  6 human zombies (D:9)
  7 iguanas
  Ijyb (D:4)
  Natasha (twice) (D:2)
  A human skeleton (D:9)
  A merfolk siren (Sewer)
  11 worker ants
  A merfolk avatar (Sewer)
  2 hound zombies (D:8)
  A hound skeleton (D:10)
  17 adders
  16 gnolls
  A howler monkey skeleton (D:7)
  4 river rats
  3 shadow imps
  2 white imps
  2 ufetubi (D:6)
  An ooze (D:1)
  2 adder skeletons
  4 adder zombies (D:6)
  2 worms (D:3)
  5 dart slugs
  8 leopard geckos
  33 orcs
  7 bats
  8 giant cockroaches
  11 goblins
  4 hobgoblins
  5 jackals
  5 quokkas
  3 ball pythons (Sewer)
  8 frilled lizards
  A jackal skeleton (D:5)
  21 kobolds
  An orc skeleton (D:9)
  2 quokka skeletons
  36 rats
436 creatures vanquished.

Vanquished Creatures (others)
  2 fungi
  3 plants
  A withered plant (D:8)
6 creatures vanquished.

Grand Total: 442 creatures vanquished

Notes
Turn   | Place    | Note
-------+----------+-------------------------------------------
     0 | D:1      | somkeydreadnuts the Deep Dwarf Fighter began the quest for
                  | the Orb.
     0 | D:1      | Reached XP level 1. HP: 20/20 MP: 1/1
    48 | D:1      | Reached XP level 2. HP: 27/27 MP: 2/2
   260 | D:1      | Reached XP level 3. HP: 28/33 MP: 3/3
   719 | D:2      | Reached XP level 4. HP: 29/42 MP: 4/4
   834 | D:2      | Found an ornate altar of the Wu Jian Council.
   861 | D:2      | Reached skill level 3 in Axes
   961 | D:2      | Noticed Natasha
   967 | D:2      | Killed Natasha
  1051 | D:2      | You fall into a shaft and drop 1 floor!
  1221 | D:2      | Noticed Natasha
  1225 | D:2      | Killed Natasha
  1225 | D:2      | Reached skill level 4 in Axes
  1225 | D:2      | Reached XP level 5. HP: 27/49 MP: 5/5
  1282 | D:2      | You fall into a shaft and drop 2 floors!
  1295 | D:4      | Found a broken altar of Ashenzari.
  1433 | D:4      | Reached skill level 1 in Dodging
  1458 | D:4      | Found a glowing drain.
  1484 | Sewer    | Entered a sewer
  1649 | Sewer    | Reached XP level 6. HP: 31/56 MP: 6/6
  1737 | Sewer    | Reached skill level 5 in Axes
  1959 | D:4      | Found a bloodstained altar of Trog.
  1980 | D:4      | Reached skill level 6 in Axes
  1980 | D:4      | Reached XP level 7. HP: 46/62 MP: 0/6
  2090 | D:4      | Identified the cursed ring "Idwogiq" {Int+5 Dex-4}
  2114 | D:4      | Noticed Ijyb
  2130 | D:4      | Killed Ijyb
  2511 | D:3      | Reached skill level 5 in Armour
  2701 | D:4      | Reached skill level 7 in Axes
  2860 | D:4      | Found a shimmering blue altar of Sif Muna.
  2871 | D:4      | Found a hide-covered altar of Uskayaw.
  3316 | D:5      | Entered Level 5 of the Dungeon
  3324 | D:5      | Found a white marble altar of Elyvilon.
  3562 | D:5      | Reached skill level 5 in Shields
  3809 | D:5      | Got an encrusted broad axe
  3810 | D:5      | Identified the cursed +0 broad axe of Law {venom, rN+} (You
                  | found it on level 5 of the Dungeon)
  4184 | D:5      | Found an iron altar of Okawaru.
  4310 | D:5      | Reached XP level 8. HP: 8/72 MP: 7/7
  4781 | D:6      | Noticed Sigmund
  4791 | D:6      | Killed Sigmund
  4939 | D:6      | Reached skill level 8 in Axes
  5365 | D:7      | Found a staircase to the Ecumenical Temple.
  5388 | Temple   | Entered the Ecumenical Temple
  5490 | Temple   | Became a worshipper of Gozag Ym Sagoz the Greedy
  5970 | D:7      | Reached skill level 9 in Axes
  5970 | D:7      | Reached skill level 1 in Stealth
  5970 | D:7      | Gained mutation: You passively map the area around you.
                  | [Deep Dwarf growth]
  5970 | D:7      | Reached XP level 9. HP: 34/79 MP: 8/8
  6792 | D:8      | Reached skill level 5 in Fighting
  6883 | D:8      | Reached skill level 10 in Axes
  7022 | D:8      | Gained mutation: You are weak. (Str -2) [potion of
                  | mutation]
  7022 | D:8      | Gained mutation: You have a pair of small horns on your
                  | head. [potion of mutation]
  7022 | D:8      | Gained mutation: You are partially covered in slimy green
                  | scales. (AC +2) [potion of mutation]
  7022 | D:8      | Gained mutation: Your flesh is cold resistant. (rC+)
                  | [potion of mutation]
  7025 | D:8      | Found Omaifaal's Antique Armour Boutique.
  7034 | D:8      | Bought a pair of pitted boots for 237 gold pieces
  7044 | D:8      | Identified the +1 pair of boots of Disaster {Int+2} (You
                  | bought it in a shop on level 8 of the Dungeon)
  7044 | D:8      | Bought a shiny kite shield for 187 gold pieces
  7060 | D:8      | Found Yfuper's Changing Room.
  7128 | D:8      | Noticed Maggie
  7146 | D:8      | Killed Maggie
  7314 | D:8      | Reached skill level 11 in Axes
  7325 | D:8      | Noticed Grum
  7344 | D:8      | Killed Grum
  7684 | D:8      | Reached XP level 10. HP: 29/88 MP: 8/8
  7855 | D:9      | Found a basalt altar of Yredelemnul.
  8072 | D:9      | Noticed a two-headed ogre
  8083 | D:9      | Killed a two-headed ogre
  8298 | D:9      | Reached skill level 12 in Axes
  8388 | D:9      | Noticed a two-headed ogre
  8397 | D:9      | Killed a two-headed ogre
  8397 | D:9      | Reached skill level 1 in Evocations
  8398 | D:9      | Found a sacrificial altar of Ru.
  8403 | D:9      | Found a shadowy altar of Dithmenos.
  8585 | D:10     | Entered Level 10 of the Dungeon
  9111 | D:10     | Found a staircase to the Lair.
  9391 | Lair:1   | Entered Level 1 of the Lair of Beasts
  9453 | Lair:1   | Noticed a cane toad
  9467 | Lair:1   | Killed a cane toad
  9513 | Lair:1   | Reached XP level 11. HP: 57/99 MP: 8/8
  9550 | Lair:1   | Noticed Fannar
  9569 | Lair:1   | Killed Fannar
  9569 | Lair:1   | Reached skill level 13 in Axes
 10296 | Lair:1   | Noticed an oklob plant
 10313 | Lair:1   | HP: 2/99 [acid (10)]
 10941 | D:11     | Noticed a two-headed ogre
 10952 | D:11     | Killed a two-headed ogre
 11107 | D:11     | Noticed an unseen horror
 11118 | D:11     | Killed an unseen horror
 11203 | D:11     | Noticed a boulder beetle
 11217 | D:11     | Killed a boulder beetle
 11679 | D:11     | Reached skill level 14 in Axes
 11856 | D:11     | Noticed an unseen horror
 11869 | D:11     | Killed an unseen horror
 11902 | D:11     | Reached skill level 10 in Shields
 12023 | D:12     | Reached XP level 12. HP: 46/110 MP: 9/9
 12164 | D:12     | Found a staircase to the Orcish Mines.
 12289 | D:12     | Noticed a two-headed ogre
 12298 | D:12     | Killed a two-headed ogre
 12846 | D:13     | Noticed a centaur warrior
 12860 | D:13     | Noticed a centaur warrior
 12879 | D:13     | Killed a centaur warrior
 12879 | D:13     | Reached skill level 15 in Axes
 12883 | D:13     | Killed a centaur warrior
 13085 | D:13     | Got a polished flail
 13087 | D:13     | Identified the cursed +2 flail of Xeityoc {venom, rC+
                  | Str+7} (You found it on level 13 of the Dungeon)
 13583 | D:14     | Noticed a two-headed ogre
 13590 | D:14     | Killed a two-headed ogre
 13590 | D:14     | Reached skill level 1 in Maces & Flails
 13654 | D:14     | Noticed a centaur warrior
 13671 | D:14     | Killed a centaur warrior
 13919 | D:11     | Bought a transparent plate armour for 1092 gold pieces
 13919 | D:11     | Identified the +10 plate armour "Nemajemi" {Dex+2} (You
                  | bought it in a shop on level 11 of the Dungeon)
 13956 | D:12     | Identified a scroll of acquirement
 13956 | D:12     | Acquired 973 gold pieces
 14001 | Orc:1    | Entered Level 1 of the Orcish Mines
 14010 | Orc:1    | Reached XP level 13. HP: 54/121 MP: 10/10
 14047 | Orc:1    | HP: 1/121 [orc knight/+0 bardiche (24)]
 14126 | Orc:1    | Noticed a stone giant
 14130 | Orc:1    | Hit by a large rock thrown by a stone giant

Illustrated notes

Levels and vault maps discovered:
D:1:      lightli_molten_gateway, layout_rooms
D:2:      layout_loops_cross, lemuel_doored_altar, corexii_shack,
          grunt_ministairs_5, uniq_natasha
D:3:      layout_rooms, minmay_door_square
D:4:      layout_basic, trog_eyes_of_draining, minitemple,
          evilmike_ruin_ashenzari, gup_sewer_entry_bubbles, uniq_ijyb
D:5:      layout_layer_cave, kennysheep_little_box, elyvilon_altar_1,
          chequers_serial_rivers_micro_c, minmay_misc_feat_ornament
D:6:      layout_gridville, uniq_sigmund
D:7:      layout_basic, minmay_temple_entry_offerings, chequers_avenue
D:8:      layout_loops_ring, serial_undead, serial_undead_d, serial_undead_e,
          serial_undead_d, serial_undead_b, serial_shops, nicolae_shop_trees,
          nicolae_transmutations_shop, minmay_alternating_orb, uniq_grum,
          uniq_maggie
D:9:      cheibrodos_helix_gallery, layout_basic,
          nicolae_overflow_hidden_temple, lemuel_mausoleum_altar_yredelemnul,
          kennysheep_mini, serial_rivers, chequers_serial_rivers_room_a,
          chequers_serial_rivers_marsh, chequers_serial_rivers_micro_b,
          chequers_serial_rivers_room_b, minmay_misc_feat_alley, st_stairs_4
D:10:     layout_basic, lair_entry_dummy, serial_glass, glass_columns_b,
          glass_columns_c
D:11:     layout_grid_maze, kennysheep_another_room
D:12:     layout_roguey, orc_0_dummy
D:13:     layout_loops_cross, einodemon_barbed_minivault
D:14:     dragon1_lemuel, layout_gridville, lightli_vaults_fourway_checkpoint,
          hangedman_decor_diamond_cutter
Temple:   minmay_temple_forest_path
Lair:1:   beast_lair_carwin_large_2, layout_hall_layers,
          minmay_lair_oklob_items, serial_bayou_shore_a, uniq_fannar
Orc:1:    layout_caves

Skill      XL: |  1  2  3  4  5  6  7  8  9 10 11 12 13 |
---------------+----------------------------------------+-----
Fighting       | 3 4 5 6 7 9 |  9.1
Armour         | 4 5 6 7 8 9 |  9.8
Axes           | 4 6 7 9 11 12 14 15 | 15.5
Shields        | 4 5 6 7 8 10 11 | 11.0
Dodging        | 1 2 3 |  3.9
Stealth        | 1 2 |  2.6
Evocations     | 1 2 |  2.6
Maces & Flails | 2 |  2.9

Action                   |  1- 3 |  4- 6 |  7- 9 | 10-12 | 13-15 || total
-------------------------+-------+-------+-------+-------+-------++-------
Melee: War axe           |   128 |   249 |   164 |       |       ||   541
       Broad axe         |       |       |   314 |   664 |    38 ||  1016
       Headbutt          |       |       |    22 |   174 |    11 ||   207
       Flail             |       |       |       |    63 |       ||    63
Invok: Potion Petition   |       |       |       |     1 |       ||     1
       Call Merchant     |       |       |       |     1 |       ||     1
 Abil: Heal Wounds       |       |     4 |     5 |    23 |     3 ||    35
Evoke: Wand              |       |       |       |    15 |       ||    15
       Lightning rod     |       |       |       |     1 |       ||     1
  Use: Potion            |       |       |     6 |     6 |     1 ||    13
       Scroll            |       |       |    10 |    11 |       ||    21
 Stab: Distracted        |       |       |     1 |     4 |       ||     5
Armor: Scale mail        |    63 |       |       |       |       ||    63
       Chain mail        |    11 |    73 |   179 |   267 |       ||   530
       Leather armour    |       |    32 |       |       |       ||    32
       Skin              |       |       |    12 |       |       ||    12
       Plate armour      |       |       |       |       |    19 ||    19
Dodge: Dodged            |    37 |    61 |   105 |   151 |     9 ||   363
Block: Kite shield       |    72 |   126 |   268 |   438 |    26 ||   930

Table legend: (Time is in decaauts)
 A = Elapsed time spent in this place.
 B = Non-inter-level travel time spent in this place.
 C = Inter-level travel time spent in this place.
 D = Time resting spent in this place.
 E = Time spent auto-exploring this place.
 F = Levels seen in this place.
 G = Mean time per level.
                   A        B        C        D        E       F      G
               +--------+--------+--------+--------+--------+-----+--------+
         Total |  14405 |  14246 |    159 |    100 |   8048 |  18 |  800.3 |
       Dungeon |  12163 |  12041 |    122 |      0 |   6885 |  14 |  868.8 |
        Temple |    306 |    269 |     37 |      0 |    242 |   1 |  306.0 |
          Lair |   1360 |   1360 |      0 |    100 |    917 |   1 | 1360.0 |
  Orcish Mines |    122 |    122 |      0 |      0 |      0 |   1 |  122.0 |
         Sewer |    452 |    452 |      0 |      0 |      3 |   1 |  452.0 |
               +--------+--------+--------+--------+--------+-----+--------+

Top non-repeatable levels by time:
  Lair:1: 1360 daAuts
     D:4: 1347 daAuts
     D:5: 1236 daAuts
    D:11: 1190 daAuts
     D:7: 1085 daAuts
     D:8: 992 daAuts
     D:9: 893 daAuts
    D:10: 890 daAuts
     D:6: 833 daAuts
    D:13: 828 daAuts
    D:12: 807 daAuts
     D:2: 802 daAuts
     D:1: 484 daAuts
     D:3: 480 daAuts
   Sewer: 452 daAuts
